 Dungeon Crawl Stone Soup version 0.21-b1-23-g1fb0a74c36 (webtiles) character file.

165 Rrauwl the Poker (level 5, -6/39 HPs)
             Began as a Merfolk Gladiator on Jan 6, 2018.
             Mangled by a crocodile (9 damage)
             ... in a sewer.
             The game lasted 00:09:16 (1978 turns).

Rrauwl the Poker (Merfolk Gladiator)                Turns: 1978, Time: 00:09:17

Health: -6/39      AC:  5    Str: 15    XL:     5   Next: 46%
Magic:  4/4        EV: 15    Int:  8    God:
Gold:   91         SH:  0    Dex: 15    Spells: 4/4 levels left

rFire    . . .     SeeInvis +   a - +0 trident
rCold    + + .     Gourm    .   (no shield)
rNeg     . . .     Faith    .   b - +0 leather armour
rPois    .         Spirit   .   c - +0 helmet
rElec    .         Reflect  .   (no cloak)
rCorr    .         Harm     .   (no gloves)
MR       +....                  (no boots)
Stlth    +.........             g - amulet of magic regeneration
HPRegen  0.13/turn              j - ring of see invisible
MPRegen  0.34/turn              l - ring of protection from cold

@: no status effects
A: change form in water, swift swim, stealthy swim, rugged brown scales 1, cold
resistance 1, low mp 1, magic resistance 1
a: no special abilities


You were in a sewer.
You were hungry.

You visited 1 branch of the dungeon, and saw 3 of its levels.
You also visited: Sewer.

You collected 91 gold pieces.

Inventory:

Hand Weapons
 a - a +0 trident (weapon)
Missiles
 n - 4 javelins (quivered)
Armour
 b - a +0 leather armour (worn)
 c - a +0 helmet (worn)
Jewellery
 g - an amulet of magic regeneration (around neck)
 i - an uncursed ring of protection from magic
 j - a ring of see invisible (left hand)
 l - a ring of protection from cold (right hand)
Scrolls
 e - 2 scrolls of identify
 h - 2 scrolls of remove curse
Potions
 k - 2 potions of magic
 m - 2 potions of curing
Comestibles
 f - 4 rations
 o - 3 chunks of flesh


   Skills:
 - Level 2.1 Fighting
 + Level 6.8 Polearms
 - Level 2.0 Throwing
 + Level 6.2 Dodging


You had 4 spell levels left.
You didn't know any spells.

Dungeon Overview and Level Annotations

Branches:
Dungeon (3/15)

Altars:
Wu Jian


Innate Abilities, Weirdness & Mutations

You revert to your normal form in water.
You are very nimble and swift while swimming.
You are very stealthy in the water. (Stealth+)
You are partially covered in rugged brown scales. (AC +1, +3% HP)
Your flesh is cold resistant. (rC+)
Your magical capacity is low. (-10% MP)
You are resistant to hostile enchantments. (MR+)


Message History

You barely miss the crocodile.
The crocodile is almost dead.
The crocodile barely misses you.
You completely miss the crocodile.
The crocodile is almost dead.
The crocodile bites you!
* * * LOW HITPOINT WARNING * * *
You barely miss the crocodile.
The crocodile is almost dead.
The crocodile misses you.
You barely miss the crocodile.
The crocodile is almost dead.
The crocodile misses you.
You hit the crocodile.
The crocodile is almost dead.
The crocodile closely misses you.
You hit the crocodile but do no damage.
The crocodile is almost dead.
The crocodile bites you!
You die...

#..≈≈≈..# #.≈≈≈≈≈.#
#..≈≈≈..# #...≈...#
##.....## ##...##
##.## #.# #@# ######
#t# #.....# #.#
$...... #.#
[$.....####.########
?!.........(.......∩
?$.....#############
$...... #.....#


You could see a crocodile.

Vanquished Creatures
  A bullfrog (D:3)
  An adder (D:3)
  3 river rats (D:3)
  3 worms
  2 dart slugs
  4 leopard geckos
  2 ball pythons
  8 bats
  3 giant cockroaches
  4 goblins
  8 hobgoblins
  A quokka (D:3)
  5 frilled lizards
  2 kobolds
  5 rats
52 creatures vanquished.

Notes
Turn   | Place    | Note
-------+----------+-------------------------------------------
     0 | D:1      | Rrauwl the Merfolk Gladiator began the quest for the Orb.
     0 | D:1      | Reached XP level 1. HP: 16/16 MP: 1/1
   103 | D:1      | Reached XP level 2. HP: 22/22 MP: 2/2
   217 | D:1      | Reached skill level 5 in Polearms
   599 | D:2      | Gained mutation: You expend magic power (3 MP) to strengthen your wands. [potion of mutation]
   599 | D:2      | Gained mutation: You are frail. (-10% HP) [potion of mutation]
   599 | D:2      | Gained mutation: You are partially covered in rugged brown scales. (AC +1, +3% HP) [potion of mutation]
   599 | D:2      | Gained mutation: You have a somewhat thin skeletal structure. (Dex +2, Stealth) [potion of mutation]
   600 | D:2      | Lost mutation: You are frail. (-10% HP) [potion of mutation]
   600 | D:2      | Lost mutation: You expend magic power (3 MP) to strengthen your wands. [potion of mutation]
   600 | D:2      | Lost mutation: You have a somewhat thin skeletal structure. (Dex +2, Stealth) [potion of mutation]
   600 | D:2      | Gained mutation: Your flesh is cold resistant. (rC+) [potion of mutation]
   600 | D:2      | Gained mutation: Your magical capacity is low. (-10% MP) [potion of mutation]
   600 | D:2      | Gained mutation: You are resistant to hostile enchantments. (MR+) [potion of mutation]
   618 | D:2      | Reached XP level 3. HP: 25/27 MP: 2/2
   710 | D:2      | Reached skill level 5 in Dodging
  1484 | D:3      | Found an ornate altar of the Wu Jian Council.
  1490 | D:3      | Noticed a bullfrog
  1500 | D:3      | Killed a bullfrog
  1500 | D:3      | Reached XP level 4. HP: 15/33 MP: 3/3
  1667 | D:3      | Reached XP level 5. HP: 36/39 MP: 4/4
  1817 | D:3      | Found a glowing drain.
  1833 | Sewer    | Entered a sewer
  1943 | Sewer    | Noticed a crocodile
  1978 | Sewer    | Mangled by a crocodile

Skill      XL: |  1  2  3  4  5 |
---------------+----------------+-----
Polearms       | 5 6 |  6.8
Dodging        | 5 6 |  6.2
Fighting       | |  2.1
Throwing       | |  2.0

Action                   |  1- 3 |  4- 6 || total
-------------------------+-------+-------++-------
Melee: Trident           |   143 |    85 ||   228
       Tailslap          |       |     4 ||     4
Throw: Throwing net      |       |     3 ||     3
  Use: Potion            |     7 |       ||     7
       Scroll            |     4 |       ||     4
 Stab: Sleeping          |     2 |     2 ||     4
       Held in net/web   |       |     1 ||     1
  Eat: Chunk             |     2 |     1 ||     3
Armor: Leather armour    |    17 |    11 ||    28
Dodge: Dodged            |    69 |    46 ||   115
